 Dungeon Crawl Stone Soup version 0.25-a0-177-gd145f35b4e (webtiles) character file.

Game seed: 8891270525303008185, levelgen mode: deterministic

42594 Jindul the Unseen (level 14, -3/92 HPs)
             Began as a Gargoyle Monk on Nov 25, 2019.
             Was the Champion of Makhleb.
             Slain by a balrug
             ... wielding a +1 demon whip of electrocution
             ... summoned by the player character
              (16 damage)
             ... on level 13 of the Dungeon on Nov 26, 2019.
             The game lasted 02:05:36 (23350 turns).

Jindul the Unseen (Gargoyle Monk)                  Turns: 23350, Time: 02:05:39

Health: -3/92      AC: 20    Str: 15    XL:     14   Next: 20%
Magic:  31/31      EV: 16    Int: 15    God:    Makhleb [******]
Gold:   754        SH:  0    Dex: 32    Spells: 13/13 levels left

rFire    . . .     SeeInvis .   f - +7 short sword of Blood {pierce, rC+ Dex+7}
rCold    + . .     Gourm    .   (no shield)
rNeg     + . .     Faith    .   X - +0 robe of Zuyc {Dex+9}
rPois    ∞         Spirit   .   i - +2 hat
rElec    +         Reflect  .   U - +0 cloak
rCorr    .         Harm     .   y - +1 pair of gloves of Somewhere Else {rElec MP+9 Int+3}
MR       ++...                  D - +2 pair of boots
Stlth    ++++++++..             w - amulet of the acrobat
HPRegen  0.25/turn              Q - ring of stealth
MPRegen  0.22/turn              N - ring of protection from magic

@: about to teleport
A: big wings, negative energy resistance 1, electricity resistance, unbreathing,
petrification resistance, rot immunity, AC +10
a: Fly, Minor Destruction, Lesser Servant of Makhleb, Major Destruction, Greater
Servant of Makhleb, Renounce Religion


You were on level 13 of the Dungeon.
You worshipped Makhleb.
Makhleb was exalted by your worship.
You were not hungry.

You visited 4 branches of the dungeon, and saw 22 of its levels.

You collected 1190 gold pieces.
You spent 436 gold pieces at shops.

Inventory:

Hand Weapons
 f - the +7 short sword of Blood (weapon) {pierce, rC+ Dex+7}
   (You bought it in a shop on level 4 of the Dungeon)

   It inflicts extra damage upon your enemies.
   It affects your dexterity (+7).
   It protects you from cold.
 s - a +3 long sword
 A - a +1 dagger of electrocution
Missiles
 h - 338 arrows
 l - 11 boomerangs (quivered)
 m - 2 throwing nets
 q - 80 poisoned darts
 C - 3 datura-tipped darts
 O - 3 curare-tipped darts
 S - 4 silver javelins
 V - 24 bolts
Armour
 i - a +2 hat (worn)
 y - the +1 pair of gloves of Somewhere Else (worn) {rElec MP+9 Int+3}
   (You found it on level 7 of the Dungeon)

   It affects your intelligence (+3).
   It insulates you from electricity.
   It affects your magic capacity (+9).
 D - a +2 pair of boots (worn)
 J - a +0 troll leather armour
 T - a +1 hat of see invisible
 U - a +0 cloak (worn)
 X - the +0 robe of Zuyc (worn) {Dex+9}
   (You found it on level 4 of the Lair of Beasts)

   It affects your dexterity (+9).
 Z - a +0 pair of boots
Magical Staves
 d - an uncursed staff of death {unknown}
 G - an uncursed staff of death {unknown}
Jewellery
 a - an uncursed amulet of regeneration
 v - a +4 ring of strength
 w - an amulet of the acrobat (around neck)
 E - an uncursed ring of see invisible
 L - an uncursed ring of protection from cold
 N - a ring of protection from magic (right hand)
 Q - a ring of stealth (left hand)
Wands
 b - a wand of acid (20)
 F - a wand of paralysis (3)
 H - a wand of disintegration (4)
 I - a wand of flame (19)
 P - a wand of random effects (38)
 Y - a wand of enslavement (9)
Scrolls
 k - 4 scrolls of fog
 n - a scroll of blinking
 o - 2 scrolls of identify
 x - 3 scrolls of magic mapping
 B - 5 scrolls of remove curse
 M - 3 scrolls of teleportation
Potions
 e - 3 potions of curing
 g - 5 potions of ambrosia
 j - 5 potions of brilliance
 p - 3 potions of might
 t - a potion of haste
 u - 3 potions of resistance
 z - a potion of agility
 K - 3 potions of invisibility
 R - 2 potions of magic
 W - a potion of cancellation
Comestibles
 c - 41 rations
 r - 5 chunks of flesh


   Skills:
 - Level 12.0 Fighting
 - Level 12.0 Short Blades
 + Level 4.0 Dodging
 + Level 16.2 Stealth
 + Level 11.0 Invocations


You had 13 spell levels left.
You didn't know any spells.
Your spell library contained the following spells:

 Spells                   Type           Power        Failure   Level  Hunger
 Animate Skeleton         Necr           N/A          26%         1    ##.....
 Beastly Appendage        Tmut           #.....       26%         1    ##.....
 Pain                     Necr           #...         26%         1    ##.....
 Summon Small Mammal      Summ           #...         26%         1    ##.....
 Sticks to Snakes         Tmut           #.......     38%         2    ###....
 Throw Flame              Conj/Fire      #.....       38%         2    ###....
 Recall                   Summ/Tloc      N/A          63%         3    ####...
 Regeneration             Chrm/Necr      #.........   63%         3    ####...
 Spider Form              Tmut/Pois      #.........   63%         3    ####...
 Vampiric Draining        Necr           #.........   63%         3    ####...
 Animate Dead             Necr           N/A          95%         4    #####..
 Ice Form                 Ice/Tmut       #.......     95%         4    #####..
 Olgreb's Toxic Radiance  Pois           #.......     95%         4    #####..
 Blade Hands              Tmut           #.........   100%        5    ######.
 Bolt of Magma            Conj/Fire/Erth #.........   100%        5    ######.
 Fireball                 Conj/Fire      #.........   100%        5    ######.
 Summon Forest            Summ/Tloc      #.........   100%        5    ######.
 Bolt of Fire             Conj/Fire      #.........   100%        6    #######


Dungeon Overview and Level Annotations

Branches:
Dungeon (15/15)            Temple (1/1) D:5            Lair (5/6) D:9
  Swamp (0/4) Lair:3       Spider (0/4) Lair:4        Slime (0/5) Lair:5
    Orc (1/2) D:10
 Vaults: D:13-14     Depths: D:15

Altars:
Ashenzari
Cheibriados
Dithmenos
Elyvilon
Fedhas
Gozag
Hepliaklqana
Kikubaaqudgha
Makhleb
Nemelex Xobeh
Okawaru
Qazlal
Ru
Sif Muna
Trog
Uskayaw
Vehumet
Wu Jian
Xom
Yredelemnul
Zin
The Shining One
Jiyva

Shops:
D:4 %!(   D:6 %

Portals:
Trove: D:10 (give 10 potions of heal wounds)

Annotations:
D:5 exclusions: ogre and phantom
D:6 1 runed translucent door, Shinnjin's ghost, novice MiFi
D:12 1 runed translucent door, Vumeko Hunn's ghost, journeyman MfSu
D:13 3 runed translucent doors, Boj Zost's ghost, journeyman MiBe
Lair:1 8 exclusions
Lair:2 exclusions: hydra, spiny frog and 2 wolves
Lair:5 exclusion: 2 hogs, Kirke
Orc:1 Jorgrun


Innate Abilities, Weirdness & Mutations

You are resistant to torment.
Your stone body is resilient. (AC +10)
You are immune to poison.
Your large and strong wings let you fly indefinitely.
You resist negative energy. (rN+)
You are resistant to electric shocks. (rElec)
You can survive without breathing.
You are immune to petrification.
You are immune to rotting.


Message History

You are covered in liquid flames!
* * * LOW HITPOINT WARNING * * *
The two-headed ogre completely misses you.
The two-headed ogre hits you but does no damage.
The soldier ant barely misses you.
You feel better.
You are covered in liquid flames!
* * * LOW HITPOINT WARNING * * *
The balrug barely misses you. The soldier ant stings you.
* * * LOW HITPOINT WARNING * * *
The two-headed ogre barely misses you.
The two-headed ogre hits you with a +0 giant club.
* * * LOW HITPOINT WARNING * * *
You feel better.
You are covered in liquid flames!
* * * LOW HITPOINT WARNING * * *
The balrug hits you with a +1 demon whip of electrocution!
* * * LOW HITPOINT WARNING * * *
You are engulfed in flames!
You die...

.#####..†####)........##
##.## ##.......## #.#
##.....## #.# ##...##
#.# ##'## #.# #.#
#.####### #.# #2a......
#.# #@##.#.## .. #O# #


#OO #O#. #.##. #.# #. #.# ## #.. You could see a balrug, 3 two-headed ogres, a
soldier ant and an ogre.

Vanquished Creatures
  Gastronok (Lair:1)
  Snorg (Lair:3)
  An ogre mage (D:13)
  2 hydras
  2 centaur warriors
  Erica (D:8)
  4 two-headed ogres
  Nergalle (D:12)
  2 unseen horrors
  A wizard (D:15)
  Pikel (D:7)
  A deep elf mage (D:15)
  An orc sorcerer (Orc:1)
  2 ugly things
  A cyclops (D:11)
  3 elephants
  4 black mambas
  A gargoyle (D:11)
  9 spiny frogs
  A centaur skeleton (D:12)
  A rime drake (Lair:3)
  8 komodo dragons
  A polar bear (Lair:3)
  2 trolls
  15 blink frogs
  10 hippogriffs
  A redback (Lair:4)
  A shadow (D:11)
  23 yaks
  A wraith (D:10)
  2 wyverns (Lair:5)
  A hog (Lair:5)
  Eustachio (D:4)
  2 hungry ghosts
  2 wargs
  An acid dragon (D:12)
  18 water moccasins
  10 porcupines
  3 black bears
  4 orc warriors
  3 sky beasts (D:6)
  8 ogres
  3 phantoms
  5 wolves
  6 centaurs
  4 big kobolds
  8 crocodiles
  15 bullfrogs
  A water moccasin skeleton (D:8)
  3 scorpions
  A wyvern skeleton (D:13)
  15 killer bees
  9 wights
  2 electric eels
  3 howler monkeys
  6 crimson imps
  2 bullfrog zombies
  2 centaur zombies
  A quasit (D:7)
  9 orc priests
  3 jellies
  2 bullfrog skeletons
  4 hounds
  7 orc wizards
  9 iguanas
  9 worker ants
  A worker ant zombie (D:7)
  12 adders
  8 gnolls
  7 shadow imps
  An adder zombie (D:7)
  An adder skeleton (D:6)
  5 worms
  3 dart slugs
  4 leopard geckos
  45 orcs
  5 giant cockroaches
  8 goblins
  2 hobgoblins
  3 jackals (D:7)
  23 kobolds
  2 quokkas
  3 ball pythons (D:2)
  4 bats
  2 frilled lizards (D:2)
  A quokka skeleton (D:6)
  8 rats
  A butterfly (D:5)
  A fungus (Lair:2)
  A plant (Lair:2)
438 creatures vanquished.

Vanquished Creatures (collateral kills)
  A yak (D:10)
1 creature vanquished.

Vanquished Creatures (others)
  6 bushes (D:9)
  3 fungi
  24 plants
33 creatures vanquished.

Grand Total: 472 creatures vanquished

Notes
Turn   | Place    | Note
-------+----------+-------------------------------------------
     0 | D:1      | Jindul the Gargoyle Monk began the quest for the Orb.
     0 | D:1      | Reached XP level 1. HP: 14/14 MP: 1/1
    94 | D:1      | Reached XP level 2. HP: 18/19 MP: 2/2
   671 | D:2      | Reached XP level 3. HP: 20/23 MP: 3/3
   979 | D:2      | Reached skill level 3 in Stealth
  1041 | D:2      | Reached XP level 4. HP: 19/29 MP: 4/4
  1090 | D:2      | Found a hide-covered altar of Uskayaw.
  1927 | D:2      | Found a shimmering blue altar of Sif Muna.
  1928 | D:2      | Found a radiant altar of Vehumet.
  2453 | D:3      | Reached XP level 5. HP: 33/33 MP: 5/5
  2829 | D:3      | Found a faded altar of an unknown god.
  2835 | D:3      | Became a worshipper of Makhleb the Destroyer
  2835 | D:3      | Reached * piety under Makhleb
  2835 | D:3      | Reached ** piety under Makhleb
  3026 | D:4      | Found a shadowy altar of Dithmenos.
  3047 | D:4      | Noticed Eustachio
  3067 | D:5      | Entered Level 5 of the Dungeon
  3078 | D:5      | Found an ancient bone altar of Kikubaaqudgha.
  3097 | D:5      | Noticed an ogre
  3151 | D:5      | Found a staircase to the Ecumenical Temple.
  3166 | D:5      | Reached skill level 4 in Stealth
  3166 | D:5      | Reached XP level 6. HP: 35/39 MP: 6/6
  3663 | D:5      | Reached *** piety under Makhleb
  3759 | D:5      | Noticed a phantom
  3881 | D:4      | Found Beshia's Distillery.
  3885 | D:4      | Bought a potion of heal wounds for 50 gold pieces
  3885 | D:4      | Bought a potion of curing for 30 gold pieces
  4017 | D:4      | Found Xuaruac's Antique Weapon Boutique.
  4025 | D:4      | Found Xinny's Food Emporium.
  4058 | D:4      | Found an iron altar of Okawaru.
  4351 | D:6      | Found an opulent altar of Gozag.
  4394 | D:6      | Reached skill level 5 in Fighting
  4394 | D:6      | Reached skill level 5 in Short Blades
  4394 | D:6      | Reached XP level 7. HP: 24/44 MP: 7/7
  4527 | D:6      | Noticed Shinnjin's ghost (novice MiFi)
  4530 | D:6      | Found a runed translucent door.
  4735 | D:6      | Reached skill level 5 in Stealth
  5063 | D:6      | Reached skill level 1 in Invocations
  5124 | D:6      | Found Ofrav's Food Shoppe.
  5230 | D:6      | Reached XP level 8. HP: 45/51 MP: 9/9
  5538 | D:6      | Found a sparkling altar of Nemelex Xobeh.
  6365 | D:6      | Reached skill level 6 in Stealth
  6564 | D:7      | Found a shimmering altar of Xom.
  6854 | D:7      | Noticed Pikel
  6901 | D:8      | Noticed Erica
  7226 | D:9      | Noticed a yak
  7227 | D:9      | Noticed a yak
  7228 | D:9      | Noticed a yak
  7282 | D:9      | Reached **** piety under Makhleb
  7438 | D:9      | Reached XP level 9. HP: 35/56 MP: 11/11
  7658 | D:8      | Reached skill level 7 in Stealth
  7876 | D:10     | Entered Level 10 of the Dungeon
  8407 | D:10     | Noticed a troll
  8900 | D:9      | Noticed a two-headed ogre
  9223 | D:9      | Reached skill level 8 in Stealth
  9752 | D:4      | Found an ornate altar of the Wu Jian Council.
  9850 | D:4      | Killed Eustachio
  9850 | D:4      | Reached XP level 10. HP: 28/64 MP: 12/12
 10056 | D:4      | Found a glowing golden altar of the Shining One.
 10359 | D:4      | Bought a sapphire short sword for 176 gold pieces
 10359 | D:4      | Identified the +7 short sword of Blood {pierce, rC+ Dex+7}
                  | (You bought it in a shop on level 4 of the Dungeon)
 10550 | D:7      | Got a pair of translucent gloves
 10586 | D:8      | Identified the +1 pair of gloves of Somewhere Else {rElec
                  | MP+9 Int+3} (You found it on level 7 of the Dungeon)
 11062 | D:7      | Killed Pikel
 11062 | D:7      | Reached skill level 9 in Stealth
 11292 | D:7      | Reached ***** piety under Makhleb
 11310 | D:7      | Reached skill level 10 in Short Blades
 11466 | D:8      | Killed Erica
 11619 | D:9      | Killed a two-headed ogre
 11762 | D:9      | Found a staircase to the Lair.
 11777 | D:9      | Reached XP level 11. HP: 57/71 MP: 13/13
 11915 | D:9      | Reached skill level 10 in Stealth
 12771 | D:10     | Reached skill level 10 in Fighting
 12932 | D:10     | Found a portal to a secret trove of treasure.
 12980 | D:10     | Upgraded the game from 0.25-a0-167-g836c352ace to
                  | 0.25-a0-177-gd145f35b4e
 12988 | D:10     | Found a staircase to the Orcish Mines.
 13103 | D:4      | Bought a potion of berserk rage for 50 gold pieces
 13103 | D:4      | Bought a potion of lignification for 30 gold pieces
 13103 | D:4      | Bought a potion of resistance for 100 gold pieces
 13192 | Temple   | Entered the Ecumenical Temple
 13839 | D:11     | Noticed a cyclops
 13883 | Lair:1   | Entered Level 1 of the Lair of Beasts
 14000 | Lair:1   | Found a blossoming altar of Fedhas.
 14052 | Lair:1   | Reached skill level 11 in Stealth
 14367 | Lair:1   | Identified the Guide on Creation and Ignition
 14578 | Lair:1   | Noticed Gastronok
 14644 | Lair:1   | Killed Gastronok
 14644 | Lair:1   | Reached skill level 12 in Stealth
 14644 | Lair:1   | Reached XP level 12. HP: 71/77 MP: 14/14
 14794 | Lair:1   | Noticed an eight-headed hydra
 15295 | Lair:2   | Noticed a six-headed hydra
 15361 | Lair:2   | Reached skill level 13 in Stealth
 15870 | Lair:2   | Reached skill level 5 in Invocations
 16211 | Lair:3   | Found a staircase to the Swamp.
 16939 | Lair:3   | Noticed Snorg
 16956 | Lair:3   | Killed Snorg
 17069 | Lair:3   | You fall into a shaft and drop 2 floors!
 17097 | Lair:4   | Got a bloodstained robe
 17132 | Lair:4   | Found a hole to the Spider Nest.
 17161 | Lair:4   | Identified Roso's Reference Book on Torrid Poisoning
 17209 | Lair:3   | Reached XP level 13. HP: 70/84 MP: 18/18
 17423 | Lair:3   | You fall into a shaft and drop 2 floors!
 17425 | Lair:5   | Reached skill level 14 in Stealth
 17714 | Lair:3   | fireball
 18139 | Lair:4   | Identified the +0 robe of Zuyc {Dex+9} (You found it on
                  | level 4 of the Lair of Beasts)
 18298 | Lair:4   | Reached ****** piety under Makhleb
 18794 | Lair:5   | Noticed Kirke
 19089 | Lair:5   | Found a viscous altar of Jiyva.
 19089 | Lair:5   | Found a staircase to the Slime Pits.
 19725 | Orc:1    | Entered Level 1 of the Orcish Mines
 19737 | Orc:1    | Noticed Jorgrun
 19908 | D:11     | Reached skill level 15 in Stealth
 20594 | D:12     | Noticed Nergalle
 20768 | D:12     | Killed Nergalle
 21169 | D:12     | Reached skill level 10 in Invocations
 21381 | D:12     | Found a runed translucent door.
 21386 | D:12     | Noticed Vumeko Hunn's ghost (journeyman MfSu)
 21454 | D:12     | You fall into a shaft and drop 3 floors!
 21454 | D:15     | Entered Level 15 of the Dungeon
 22463 | D:12     | Gained mutation: Your large and strong wings let you fly
                  | indefinitely. [Gargoyle growth]
 22463 | D:12     | Reached XP level 14. HP: 92/92 MP: 21/21
 22800 | D:13     | Reached skill level 16 in Stealth
 22802 | D:13     | Found a runed translucent gate.
 22809 | D:13     | Found a runed translucent gate.
 22810 | D:13     | Found a runed translucent gate.
 22812 | D:13     | Noticed Boj Zost's ghost (journeyman MiBe)
 23346 | D:13     | Noticed a balrug
 23350 | D:13     | Slain by a balrug

Levels and vault maps discovered:
D:1:      moated_graveyard_arrival, layout_rooms, hangedman_decor_peaks_small
D:2:      layout_basic, eat_drink_and_be_merry_uskayaw,
          gammafunk_temple_overflow_pools, first_ration
D:3:      layout_loops_corners, chequers_ecumenical_altar_grove, serial_forest,
          infiniplex_forest_clump_cross, infiniplex_forest_clump_small,
          infiniplex_forest_corner_2, infiniplex_forest_straight_2,
          infiniplex_forest_lined_room_, infiniplex_forest_clump_diagonal
D:4:      layout_rooms, old_standard_altar, kennysheep_little_box,
          lemuel_crystal_altar, nicolae_dithmenos_shadow_blocks, serial_shops,
          shop_fountains, shop, shop, chequers_serial_rivers_micro_c,
          minmay_distorted, uniq_eustachio
D:5:      layout_gridville, kennysheep_mini_moat,
          minmay_temple_entry_butterflies
D:6:      layout_layer_cave, overflow_temple_1_default, old_standard_altar,
          serial_shops, shop, hellmonk_ghost_happy_afterlife,
          kennysheep_generic_room_8
D:7:      layout_gridville, lemuel_crystal_altar, uniq_pikel
D:8:      layout_basic, blue_anna_alchemist [blue_anna_fruit_fields,
          blue_anna_fruit_fields], uniq_erica
D:9:      layout_basic, minmay_lair_entry_grove
D:10:     layout_gridville, erik_orc_4, enter_trove_0
D:11:     layout_roguey, chequers_jeans
D:12:     layout_cave_pods, ebering_ghost_inner_flame, uniq_nergalle
D:13:     layout_loops_corners, gammafunk_ghost_spectres
D:14:     layout_loops_corners, erik_vaults_1, chequers_serial_rivers_micro_b,
          kennysheep_generic_room_12, uniq_agnes, uniq_roxanne, uniq_louise
D:15:     hangedman_depths_entry_try_elsewhere_first, layout_layer_cave,
          nicolae_ru_path_of_blood
Temple:   pf_slimified_temple
Lair:1:   cheibrodos_lair_river_kwai, layout_cave_pods, basic_altar,
          uniq_gastronok
Lair:2:   beast_lair_carwin_large_3, layout_loops_ring, st_stairs_11,
          serial_bayou_shore_a
Lair:3:   layout_long_grid, minmay_swamp_entry_worms, minmay_stone_trees_small,
          chequers_serial_rivers_small_a, grunt_megastairs_2,
          lemuel_fruit_fields, uniq_snorg
Lair:4:   layout_regular_city, spider_nest_entry_webs, fungi_pond_lemuel
Lair:5:   layout_cave_pods, slime_altar_1, grunt_megastairs_1, uniq_kirke
Orc:1:    layout_diamond_mine, basic_altar, uniq_josephine, uniq_jorgrun

Skill      XL: |  1  2  3  4  5  6  7  8  9 10 11 12 13 14 |
---------------+-------------------------------------------+-----
Short Blades   | 3 4 5 7 9 10 12 | 12.0
Stealth        | 3 4 5 6 8 9 12 13 15 16 | 16.2
Fighting       | 4 5 6 8 9 10 11 12 | 12.0
Dodging        | 3 4 |  4.0
Invocations    | 1 3 6 10 11 | 11.0

Action                   |  1- 3 |  4- 6 |  7- 9 | 10-12 | 13-15 || total
-------------------------+-------+-------+-------+-------+-------++-------
Melee: Short sword       |   132 |    51 |       |   723 |   601 ||  1507
       Dagger            |       |   205 |  1140 |    16 |       ||  1361
Invok: Minor Destruction |       |       |     2 |       |       ||     2
       Major Destruction |       |       |     2 |     1 |     6 ||     9
       Lesser Servant of |       |       |     1 |       |     1 ||     2
       Greater Servant o |       |       |       |       |     1 ||     1
Evoke: Wand              |       |       |       |       |     4 ||     4
  Use: Scroll            |       |     3 |    11 |     7 |    10 ||    31
       Potion            |       |       |     4 |     1 |     4 ||     9
 Stab: Sleeping          |     2 |    12 |     3 |    23 |    24 ||    64
       Distracted        |       |       |       |     9 |     7 ||    16
  Eat: Chunk             |     1 |     9 |     6 |    22 |    20 ||    58
       Ration            |       |       |     4 |     1 |       ||     5
Armor: Robe              |    26 |    78 |   353 |   169 |   154 ||   780
Dodge: Dodged            |    63 |   123 |   584 |   325 |   316 ||  1411

Table legend:
 A = Non-vault XP
 B = Vault XP
 C = Vault XP percentage of total XP
 D = Non-vault monster count
 E = Vault monster count
 F = Vault count percentage of total count
                 A         B        C        D         E       F
            +---------+---------+-------+---------+---------+-------
      Total |   48264 |   12585 |  20.7 |     378 |      58 |  13.3
            +---------+---------+-------+---------+---------+-------
        D:1 |      31 |       0 |   0.0 |      20 |       0 |   0.0
        D:2 |     104 |       0 |   0.0 |      26 |       0 |   0.0
        D:3 |      45 |       0 |   0.0 |      13 |       0 |   0.0
        D:4 |     345 |     202 |  36.9 |       8 |       3 |  27.3
        D:5 |     513 |       0 |   0.0 |      13 |       0 |   0.0
        D:6 |    1210 |      12 |   1.0 |      26 |       1 |   3.7
        D:7 |     954 |     641 |  40.2 |      22 |       1 |   4.3
        D:8 |     979 |    1048 |  51.7 |      18 |       3 |  14.3
        D:9 |    2940 |    1419 |  32.6 |      35 |      15 |  30.0
       D:10 |    3818 |     380 |   9.1 |      29 |      12 |  29.3
       D:11 |    3617 |       0 |   0.0 |      19 |       0 |   0.0
       D:12 |    3970 |     796 |  16.7 |      33 |       1 |   2.9
       D:13 |    6212 |       0 |   0.0 |      24 |       0 |   0.0
       D:14 |    1824 |       0 |   0.0 |       5 |       0 |   0.0
       D:15 |    1416 |       0 |   0.0 |       3 |       0 |   0.0
     Lair:1 |    1346 |    4384 |  76.5 |       9 |       8 |  47.1
     Lair:2 |    4072 |    1423 |  25.9 |      17 |       9 |  34.6
     Lair:3 |    5934 |    1853 |  23.8 |      21 |       3 |  12.5
     Lair:4 |    2968 |     220 |   6.9 |      15 |       1 |   6.2
     Lair:5 |    5412 |     207 |   3.7 |      21 |       1 |   4.5
      Orc:1 |     554 |       0 |   0.0 |       1 |       0 |   0.0
            +---------+---------+-------+---------+---------+-------
